 Dungeon Crawl Stone Soup version 0.32-a0-799-g95e1662365 (webtiles) character file.

Game seed: 7150820651966751391

7135 pokeman the Thaumaturge (level 10, 0/56 HPs)
             Began as a Deep Elf Hedge Wizard on Mar 21, 2024.
             Was a Follower of Vehumet.
             Slain by a red ugly thing (23 damage)
             ... on level 8 of the Dungeon.
             The game lasted 00:28:38 (11243 turns).

pokeman the Thaumaturge (Deep Elf Hedge Wizard)    Turns: 11243, Time: 00:28:39

Health: 0/56       AC:  9    Str: 13    XL:     10   Next: 85%
Magic:  5/30       EV: 12    Int: 24    God:    Vehumet [*.....]
Gold:   430        SH:  5    Dex: 14    Spells: 23/37 levels left

rFire   . . .        R - +1 dagger (elec)
rCold   . . .        (no shield)
rNeg    . . .        N - +0 steam dragon scales
rPois   +            s - +0 helmet
rElec   .            w - +0 cloak
rCorr   .            f - +0 pair of gloves
SInv    .            (no boots)
Will    +....        J - amulet of reflection
Stlth   ++           q - ring of poison resistance
HPRegen 0.29/turn    G - +6 ring of strength
MPRegen 0.22/turn

%: reflection
@: no status effects
A: no striking features
a: Renounce Religion


You were on level 8 of the Dungeon.
You worshipped Vehumet.
Vehumet was aware of your devotion.
You visited 1 branch of the dungeon, and saw 8 of its levels.

You collected 430 gold pieces.

Inventory:

Hand Weapons
 v - a +4 quarterstaff of chaos
 y - the +1 spear of Bile {speed, ^Drain MP+9 Int+3}
   (You found it on level 4 of the Dungeon)

   Int+3:     It affects your intelligence (+3).
   MP+9:      It affects your magic capacity (+9).
   ^Drain:    It drains your maximum health when unequipped.
 R - a +1 dagger of electrocution (weapon)
Missiles
 p - 2 throwing nets
Armour
 f - a +0 pair of gloves (worn)
 s - a +0 helmet (worn)
 w - a +0 cloak (worn)
 L - an orb of energy
 N - +0 steam dragon scales (worn)
 P - a +2 ring mail of fire resistance
Magical Staves
 k - a staff of air
 T - a staff of cold
Jewellery
 j - an amulet of guardian spirit
 q - a ring of poison resistance (left hand)
 G - a +6 ring of strength (right hand)
 J - an amulet of reflection (around neck)
Wands
 u - a wand of flame (46)
 x - a wand of roots (6)
 I - a wand of paralysis (8)
Scrolls
 a - a scroll of poison {unknown}
 b - 2 scrolls of noise {unknown}
 e - 4 scrolls of teleportation {unknown}
 i - 2 scrolls of fear {unknown}
 l - a scroll of blinking {unknown}
 o - 8 scrolls of identify {unknown}
 r - 2 scrolls of revelation {unknown}
 A - a scroll of butterflies {unknown}
 B - 3 scrolls of vulnerability {unknown}
 E - 2 scrolls of brand weapon {unknown}
 F - a scroll of fog {unknown}
 H - a scroll of silence {unknown}
 K - a scroll of enchant armour {unknown}
 M - a scroll of immolation {unknown}
 O - a scroll of amnesia {unknown}
 Q - a scroll of enchant weapon {unknown}
Potions
 c - 2 potions of resistance {unknown}
 d - a potion of magic
 g - 3 potions of haste {unknown}
 h - 3 potions of brilliance {unknown}
 m - a potion of enlightenment {unknown}
 n - 2 potions of degeneration {unknown}
 t - 3 potions of attraction {unknown}
 z - a potion of might {unknown}
 C - 2 potions of curing {unknown}
 D - a potion of berserk rage {unknown}
 S - a potion of heal wounds {unknown}


   Skills:
 + Level 3.7 Fighting
 - Level 3.0 Armour
 - Level 3.2 Dodging
 - Level 3.0 Stealth
 - Level 3.0 Shields
 * Level 14.3 Spellcasting
 + Level 8.2 Conjurations
 - Level 1.1 Summonings
 - Level 1.1 Translocations
 + Level 7.5 Ice Magic
 - Level 1.0 Air Magic
 - Level 1.0 Alchemy
 - Level 1.0 Evocations


You had 23 spell levels left.
You knew the following spells:

 Your Spells              Type           Power      Damage    Failure   Level
a - Magic Dart            Conj           100%       1d8       1%          1
b - Mephitic Cloud        Conj/Alch/Air  33%        N/A       2%          3
c - Call Imp              Summ           44%        N/A       3%          2
d - Blink                 Tloc           44%        N/A       3%          2
e - Hailstorm             Conj/Ice       53%        3d10      1%          3
f - Summon Ice Beast      Ice/Summ       37%        N/A       1%          3

Your spell library contained the following spells:

 Spells                   Type           Power      Damage    Failure   Level
 Kiss of Death            Conj/Necr      100%       2d13      1%          1
 Static Discharge         Conj/Air       78%        3-7/arc   1%          2
 Dazzling Flash           Conj/Hex       74%        N/A       1%          3
 Slow                     Hex            68%        N/A       3%          1
 Cigotuvi's Dreadful Rot  Necr/Alch/Air  40%        N/A       3%          2
 Airstrike                Air            11%        2d(2-18)  22%         4
 Summon Lightning Spire   Summ/Air       22%        N/A       22%         4
 Sculpt Simulacrum        Ice/Alch       18%        N/A       65%         6
 Starburst                Conj/Fire      18%        6d7       67%         6
 Permafrost Eruption      Ice/Erth       17%        2x4d6     73%         6
 Maxwell's Capacitive Co  Air            11%        ∞         100%        8


Dungeon Overview and Level Annotations

Branches:
Dungeon (8/15)             Temple (0/1) D:7
   Lair: D:8-11

Altars:
Dithmenos
Elyvilon
Gozag
Hepliaklqana
Kikubaaqudgha
Makhleb
Nemelex Xobeh
Okawaru
Vehumet
Yredelemnul
Zin
The Shining One

Annotations:
D:8 2 transporters


Message History

A cannonade of hail descends around you!
The hail pelts the red ugly thing!
The red ugly thing is heavily wounded.
Unknown command.
Unknown command.
Casting: Hailstorm (safe; 1% risk of failure)
Confirm with . or Enter, or press ? or * to list all spells.
Casting: Hailstorm (safe; 1% risk of failure)
Press: ? - help, Dir - look around, f - activate A cannonade of hail descends around you!
The hail pelts the red ugly thing!
The red ugly thing is severely wounded.
Unknown command.
Unknown command.
You catch the helpless red ugly thing completely off-guard!
You puncture the red ugly thing!
The red ugly thing is almost dead.
The red ugly thing claws you.
You are engulfed in flames!!
The red ugly thing seems less confused.
Things that are here:
a +0 halberd; a +0 robe
Casting: Hailstorm (safe; 1% risk of failure)
Confirm with . or Enter, or press ? or * to list all spells.
Aiming: Mephitic Cloud (dangerous; 2% risk of failure)
Press: ? - help, Shift-Dir - straight line, f - red ugly thing
Aim: a red ugly thing (almost dead, chance to affect: 43%)
The ball explodes into a vile cloud!
The stinking cloud engulfs the red ugly thing.
The red ugly thing is almost dead.
The stinking cloud engulfs you.
You hear a shout! x3; You hear a bellow!
The red ugly thing is engulfed in noxious fumes.
The red ugly thing claws you but does no damage.
Unknown command.
Unknown command.
You hit the red ugly thing but do no damage.
The red ugly thing is almost dead.
The red ugly thing is engulfed in noxious fumes.
The red ugly thing claws you.
You are engulfed in flames!!
You die...

........).)..............##.
........))......#.#......###
###########.###.#.#......###
♣)♣ #.#.#.##.#.##ß
#♣♣.♣♣#.#.#.##.#.##.
#..♣†)#.#.#.#....##.
#♣♣.♣♣#.....####.##. ♣.♣
#...#......ßß.
♣@♣##.##..#....... .♣♣♣♣♣♣
♣.u♣#........#.ßß. ♣Q.....
♣♣§≈.###..##....##. #...~.
♣.~≈.#..........##. #.....
♣..≈.#(##.#...).##. .....
♣♣♣○.#. ..#.....##ß ..)
♣...♣#######.#..###
#.♣♣♣♣♣.♣#.##.##.#..###
#♣o......#.##.......##.


You could see a red ugly thing.

Vanquished Creatures
  A centaur warrior (D:8)
  A tengu warrior (D:8)
  Pikel (D:5)
  Maurice (D:8)
  Jeremiah (D:6)
  Maggie (D:8)
  Prince Ribbit (D:5)
  A wyvern (D:8)
  2 steam dragons (D:6)
  Duvessa (D:5)
  5 orc warriors
  3 ice beasts
  4 black bears
  An ogre (D:4)
  2 centaurs
  A phantom (D:4)
  3 lemures (D:5)
  A kobold brigand (D:8)
  A bullfrog (D:7)
  2 gnoll sergeants
  3 scorpions
  3 wights (D:8)
  Dowan (D:5)
  A howler monkey (D:5)
  7 hounds
  5 orc priests
  Ijyb (D:4)
  A jelly (D:7)
  A sleepcap (D:6)
  An iguana (D:7)
  Natasha (thrice) (D:2)
  5 orc wizards
  Robin (D:3)
  17 gnolls
  2 adders
  A shadow imp (D:6)
  2 white imps
  3 dart slugs
  4 ribbon worms
  29 orcs
  A bat (D:3)
  11 endoplasms
  4 giant cockroaches
  13 goblins
  9 hobgoblins
  9 quokkas
  13 ball pythons
  6 frilled lizards (D:2)
  9 kobolds
  8 rats
208 creatures vanquished.

Vanquished Creatures (collateral kills)
  Grinder (D:3)
  2 water moccasins
  A black bear (D:4)
  2 centaurs
  A bombardier beetle (D:4)
  A hound (D:4)
  Crazy Yiuf (D:3)
  3 orc wizards
  2 ribbon worms (D:4)
  5 orcs (D:4)
  A goblin (D:3)
  A hobgoblin (D:2)
  A kobold (D:4)
22 creatures vanquished.

Grand Total: 230 creatures vanquished

Notes
Turn   | Place    | Note
-------+----------+-------------------------------------------
     0 | D:1      | pokeman the Deep Elf Hedge Wizard began the quest for the
                  | Orb.
     0 | D:1      | Reached XP level 1. HP: 10/10 MP: 7/7
   378 | D:1      | Reached XP level 2. HP: 16/16 MP: 6/9
   790 | D:1      | Reached skill level 5 in Spellcasting
  1080 | D:1      | Reached XP level 3. HP: 20/20 MP: 8/11
  1084 | D:1      | Learned a level 3 spell: Mephitic Cloud
  1087 | D:1      | Learned a level 2 spell: Call Imp
  1090 | D:1      | Learned a level 2 spell: Blink
  1749 | D:2      | Noticed Natasha
  1942 | D:2      | Reached skill level 1 in Armour
  1953 | D:2      | Reached skill level 1 in Fighting
  2046 | D:2      | Reached XP level 4. HP: 25/25 MP: 4/13
  2176 | D:2      | Killed Natasha
  2340 | D:2      | Reached skill level 6 in Spellcasting
  2341 | D:2      | Noticed Natasha
  2362 | D:2      | Reached XP level 5. HP: 9/29 MP: 2/15
  2540 | D:2      | Found a white marble altar of Elyvilon.
  2824 | D:2      | Killed Natasha
  2943 | D:2      | Noticed Natasha
  2951 | D:2      | Killed Natasha
  2952 | D:2      | Reached skill level 1 in Evocations
  3224 | D:3      | Found a shadowy altar of Dithmenos.
  3243 | D:3      | Noticed Robin
  3259 | D:3      | Killed Robin
  3690 | D:3      | Reached skill level 1 in Air Magic
  3690 | D:3      | Reached XP level 6. HP: 32/34 MP: 9/17
  4269 | D:3      | Reached skill level 1 in Alchemy
  4274 | D:3      | Learned a level 3 spell: Hailstorm
  4278 | D:3      | Learned a level 3 spell: Summon Ice Beast
  4420 | D:3      | Found a runed translucent door.
  4421 | D:3      | Noticed Crazy Yiuf
  4423 | D:3      | Noticed Grinder
  4430 | D:3      | Killed Crazy Yiuf
  4431 | D:3      | Reached skill level 7 in Spellcasting
  4463 | D:3      | Killed Grinder
  4464 | D:3      | Reached skill level 1 in Ice Magic
  4464 | D:3      | Reached XP level 7. HP: 13/38 MP: 1/20
  4771 | D:4      | Found a sparkling altar of Nemelex Xobeh.
  4793 | D:4      | Noticed Ijyb
  4818 | D:4      | Killed Ijyb
  5087 | D:4      | Reached skill level 8 in Spellcasting
  5435 | D:4      | Identified the +1 spear of Bile {speed, ^Drain MP+9 Int+3}
  5865 | D:4      | Reached XP level 8. HP: 44/44 MP: 12/22
  6249 | D:4      | Reached skill level 9 in Spellcasting
  6449 | D:5      | Entered Level 5 of the Dungeon
  6468 | D:5      | Noticed Duvessa
  6471 | D:5      | Noticed Dowan
  6471 | D:5      | Noticed Pikel
  6477 | D:5      | Killed Duvessa
  6477 | D:5      | Killed Dowan
  6479 | D:5      | Killed Pikel
  6480 | D:5      | Reached skill level 10 in Spellcasting
  6480 | D:5      | Reached skill level 5 in Conjurations
  6817 | D:5      | Noticed Prince Ribbit
  6831 | D:5      | Killed Prince Ribbit
  6832 | D:5      | Reached XP level 9. HP: 18/49 MP: 8/25
  6990 | D:5      | Reached skill level 11 in Spellcasting
  7043 | D:5      | Found an ancient bone altar of Kikubaaqudgha.
  7697 | D:6      | Reached skill level 5 in Ice Magic
  7966 | D:6      | Found a radiant altar of Vehumet.
  7973 | D:6      | Became a worshipper of Vehumet
  8247 | D:6      | Found a basalt altar of Yredelemnul.
  8249 | D:6      | Found a hazy altar of Hepliaklqana.
  8420 | D:6      | Noticed Jeremiah
  8426 | D:6      | Killed Jeremiah
  8427 | D:6      | Reached skill level 1 in Shields
  8427 | D:6      | Reached skill level 12 in Spellcasting
  9338 | D:7      | Found a staircase to the Ecumenical Temple.
  9536 | D:7      | Reached XP level 10. HP: 56/56 MP: 17/28
  9541 | D:7      | Reached * piety under Vehumet
  9541 | D:7      | Offered knowledge of Kiss of Death by Vehumet.
  9909 | D:7      | Found an opulent altar of Gozag.
  9929 | D:7      | Found a burning altar of Makhleb.
  9929 | D:7      | Noticed a balrug
 10563 | D:8      | Found a transporter.
 10570 | D:8      | Identified the +2 robe "Otidgh" {Will+}
 10570 | D:8      | Noticed Maggie
 10579 | D:8      | Killed Maggie
 10580 | D:8      | Reached skill level 13 in Spellcasting
 10584 | D:8      | Noticed a moth of wrath
 10652 | D:8      | Found a transporter.
 10672 | D:8      | Found an iron altar of Okawaru.
 10718 | D:8      | Found a white marble altar of Elyvilon.
 10721 | D:8      | Found a glowing golden altar of the Shining One.
 10721 | D:8      | Found a glowing silver altar of Zin.
 10760 | D:8      | Noticed Maurice
 10771 | D:8      | Killed Maurice
 11001 | D:8      | Noticed a centaur warrior
 11018 | D:8      | Killed a centaur warrior
 11185 | D:8      | Reached skill level 14 in Spellcasting
 11207 | D:8      | Noticed a red ugly thing
 11209 | D:8      | Noticed a tengu warrior
 11234 | D:8      | Killed a tengu warrior
 11243 | D:8      | Slain by a red ugly thing

Illustrated notes

Levels and vault maps discovered:
D:1:      dpeg_arrival_castle, layout_basic, amcnicky_mini_rare_corridor_liquid,
          dk_noncrumbling_4, nrook_mini_backslash, minmay_tetromino_i2
D:2:      layout_rooms, basic_altar, lexackson_kobold_supper, uniq_natasha
D:3:      layout_loops_corners, grunt_dithmenos_smoke_and_mirrors,
          glass_columns_a, serial_bayou_pond_e, uniq_crazy_yiuf_cottage,
          uniq_robin, uniq_grinder
D:4:      minmay_razor_zed, layout_layer_cave, mainiacjoe_overflow_alcove_1,
          nicolae_wormholes, uniq_ijyb
D:5:      layout_basic, mainiacjoe_overflow_boulevard, uniq_duvessa,
          uniq_prince_ribbit1, uniq_pikel
D:6:      kennysheep_steamy, layout_loops_ring, nicolae_vehumet_altar_sigil,
          jmf_multi_god_temple, uniq_jeremiah
D:7:      layout_layer_cave, nicolae_gozag_cash_rules_everything_around_me,
          makhleb_altar_promises_db, minmay_temple_entry_proselytizer,
          hex_medium
D:8:      nzn_winding_woodlands_large [nzn_winding_woodlands_5x5_cross,
          nzn_winding_woodlands_5x15_pathside_ponds,
          nzn_winding_woodlands_5x5_closed_star,
          nzn_winding_woodlands_center_pierced_h,
          nzn_winding_woodlands_15x15_five_gardens,
          nzn_winding_woodlands_center_lodge,
          nzn_winding_woodlands_5x5_checkerboard,
          nzn_winding_woodlands_5x15_pool, nzn_winding_woodlands_hourglass],
          layout_basic, dreamdust_divine_triumvirate, kennysheep_mini_moat,
          mainiacjoe_overflow_cross_hatched, gammafunk_ghost_berserking_beasts,
          uniq_maggie, uniq_maurice, uniq_grum

Skill      XL: |  1  2  3  4  5  6  7  8  9 10 |
---------------+-------------------------------+-----
Spellcasting   | 5 6 7 8 10 12 14 | 14.3
Armour         | 1 3 |  3.0
Fighting       | 1 2 3 |  3.7
Conjurations   | 2 3 4 5 7 8 |  8.2
Stealth        | 3 |  3.0
Dodging        | 3 |  3.2
Evocations     | 1 |  1.0
Air Magic      | 1 |  1.0
Alchemy        | 1 |  1.0
Ice Magic      | 1 3 4 6 7 |  7.5
Shields        | 2 3 |  3.0
Summonings     | |  1.1
Translocations | |  1.1

Action                     |  1- 3 |  4- 6 |  7- 9 | 10-12 || total
---------------------------+-------+-------+-------+-------++-------
  Melee: Dagger            |       |    35 |       |    18 ||    53
         Quarterstaff      |       |       |    31 |       ||    31
         Whip              |       |       |    52 |    14 ||    66
   Cast: Magic Dart        |   124 |   132 |   107 |    28 ||   391
         Mephitic Cloud    |     1 |     2 |    22 |    15 ||    40
         Call Imp          |       |     3 |       |     1 ||     4
         Summon Ice Beast  |       |     3 |     9 |     5 ||    17
         Hailstorm         |       |     1 |    66 |    38 ||   105
         Blink             |       |       |     3 |     2 ||     5
   Stab: Confused          |       |     1 |     6 |     3 ||    10
         Distracted        |       |       |     1 |       ||     1
 Armour: Robe              |    17 |    44 |    58 |       ||   119
         Steam dragon scal |       |       |    10 |    45 ||    55
  Dodge: Dodged            |    13 |    35 |    62 |    25 ||   135
  Block: Other             |       |       |    13 |    12 ||    25
         Reflection        |       |       |     4 |       ||     4

Table legend: (Time is in decaauts)
 A = Elapsed time spent in this place.
 B = Non-inter-level travel time spent in this place.
 C = Inter-level travel time spent in this place.
 D = Time resting spent in this place.
 E = Time spent auto-exploring this place.
 F = Levels seen in this place.
 G = Mean time per level.
                   A        B        C        D        E       F      G
               +--------+--------+--------+--------+--------+-----+--------+
         Total |  11277 |  10681 |    596 |    805 |   8350 |   8 | 1409.6 |
       Dungeon |  11277 |  10681 |    596 |    805 |   8350 |   8 | 1409.6 |
               +--------+--------+--------+--------+--------+-----+--------+

Top non-repeatable levels by time:
     D:4: 2050 daAuts
     D:1: 1805 daAuts
     D:6: 1568 daAuts
     D:3: 1501 daAuts
     D:2: 1373 daAuts
     D:7: 1354 daAuts
     D:8: 835 daAuts
     D:5: 789 daAuts
